 Dungeon Crawl Stone Soup version 0.30-a0-1075-gcd70e7a56d (webtiles) character file.

Game seed: 12708734940759402112

2419 BlueFish the Covert (level 9, -5/59 HPs)
             Began as an Octopode Warper on Apr 14, 2023.
             Killed from afar by a steam dragon (22 damage)
             ... with a ball of steam
             ... on level 8 of the Dungeon.
             The game lasted 00:13:11 (5746 turns).

BlueFish the Covert (Octopode Warper)               Turns: 5746, Time: 00:13:12

Health: -5/59      AC:  5    Str: 15    XL:     9   Next: 48%
Magic:  12/15      EV: 10    Int: 15    God:
Gold:   182        SH: 14    Dex: 11    Spells: 6/16 levels left

rFire   . . .      SeeInvis .    a - +2 morningstar (protect)
rCold   . . .      Faith    +    J - +2 tower shield
rNeg    . . .      Spirit   .    (helmet restricted)
rPois   .          Reflect  .    j - amulet of faith
rElec   .          Rampage  .    r - ring of wizardry
rCorr   .                        w - ring of willpower
Will    +....                    F - +4 ring of protection
Stlth   +++++                    K - ring of wizardry
HPRegen 0.29/turn                H - ring of flight
MPRegen 0.14/turn                (no ring)
                                 (no ring)
                                 (no ring)

@: flying
A: almost no armour, amphibious, 8 rings, camouflage 1, gelatinous body 1,
(nimble swimmer 1), tentacles
a: no special abilities


You were on level 8 of the Dungeon.
You visited 2 branches of the dungeon, and saw 9 of its levels.

You collected 321 gold pieces.
You spent 139 gold pieces at shops.

Inventory:

Hand Weapons
 a - a +2 morningstar of protection (weapon)
 h - a +0 flail
 y - a +1 flail of protection
 z - a +0 mace
Missiles
 c - 7 boomerangs of dispersal
 i - 5 poisoned darts
 l - 2 boomerangs
 n - 41 stones (quivered)
 E - 6 atropa-tipped darts
Armour
 v - a +0 buckler
 J - a +2 tower shield (worn)
Jewellery
 j - an amulet of faith (around mantle)
 r - a ring of wizardry (left tentacle)
 w - a ring of willpower (right tentacle)
 F - a +4 ring of protection (on tentacle)
 H - a ring of flight (on tentacle)
 K - a ring of wizardry (on tentacle)
Scrolls
 b - a scroll of blinking
 d - 2 scrolls of immolation
 e - 3 scrolls of teleportation
 g - a scroll of enchant armour
 k - a scroll of silence {unknown}
 m - a scroll of enchant weapon {unknown}
 t - a scroll of vulnerability
 B - a scroll of noise {unknown}
 D - 3 scrolls of amnesia
 I - a scroll of poison
Potions
 f - a potion of invisibility
 o - a potion of haste
 p - 3 potions of brilliance
 s - a potion of magic
 u - a potion of might
 x - a potion of lignification
 A - a potion of cancellation {unknown}
 C - 2 potions of mutation


   Skills:
 + Level 4.3 Fighting
 + Level 4.4 Maces & Flails
 + Level 4.1 Throwing
 + Level 4.6 Dodging
 * Level 8.2 Stealth
 * Level 4.5 Shields
 + Level 4.1 Spellcasting
 + Level 5.1 Translocations


You had 6 spell levels left.
You knew the following spells:

 Your Spells              Type           Power      Damage    Failure   Level
a - Blink                 Tloc           36%        N/A       11%         2
b - Lesser Beckoning      Tloc           36%        N/A       11%         2
c - Gell's Gravitas       Tloc           18%        N/A       19%         3
d - Teleport Other        Tloc           18%        N/A       19%         3

Your spell library contained the following spells:

 Spells                   Type           Power      Damage    Failure   Level
 Vhi's Electric Charge    Tloc/Air       20%        N/A       45%         3
 Manifold Assault         Tloc           18%        N/A       50%         4


Dungeon Overview and Level Annotations

Branches:
Dungeon (8/15)             Temple (1/1) D:7
   Lair: D:8-11

Altars:
Ashenzari
Dithmenos
Elyvilon
Fedhas
Gozag
Kikubaaqudgha
Makhleb
Nemelex Xobeh
Okawaru
Qazlal
Ru
Sif Muna
Trog
Uskayaw
Vehumet
Xom
Yredelemnul
Zin
The Shining One

Shops:
D:3 [   D:4 [   D:7 :(([[

Annotations:
D:6 1 runed translucent door, AlpineCheese's ghost, novice GnCK


Innate Abilities, Weirdness & Mutations

You cannot wear most types of armour.
You are amphibious.
You can wear up to eight rings at the same time.
Your skin changes colour to match your surroundings (Stealth+).
Your rubbery body absorbs attacks. (AC +1, EV +1)
((You are camouflaged when in or above water. (Stealth+)))
You have tentacles for arms and can constrict up to eight enemies at once.


Message History

You block the steam dragon's attack. The steam dragon claws you.
You puncture the steam dragon!
Your weapon exudes an aura of protection.
The steam dragon is moderately wounded.
The steam dragon breathes steam at you. The ball of steam misses you.
You feel stable enough to blink again. You block the steam dragon's attack. x2
You puncture the steam dragon! Your squeeze misses the steam dragon.
The steam dragon is severely wounded.
You block the orc's attack.
The steam dragon bites you but does no damage.
The steam dragon claws you but does no damage.
You block the orc's attack.
The steam dragon bites you but does no damage.
The steam dragon claws you but does no damage.
You sock the orc!
You kill the orc!
The steam dragon bites you but does no damage.
You block the steam dragon's attack. The steam dragon breathes steam at you.
The ball of steam hits you! You block the steam dragon's attack.
The steam dragon claws you but does no damage.
You closely miss the steam dragon. You squeeze the steam dragon.
The steam dragon is severely wounded.
The steam dragon bites you but does no damage.
You block the steam dragon's attack.
You barely miss the steam dragon. Your squeeze misses the steam dragon.
The steam dragon is severely wounded.
You block the steam dragon's attack. The steam dragon barely misses you.
The steam dragon bites you! You block the steam dragon's attack.
You closely miss the steam dragon.
The steam dragon is severely wounded.
The steam dragon bites you!
* * * LOW HITPOINT WARNING * * *
The steam dragon claws you but does no damage.
The steam dragon breathes steam at you. The ball of steam hits you!!
You die...

#........# #.:#
#####....# #..##
#>.#....# +..$+
#..#....#. #...
#..#....#... #..#
#..#....#...##..#
#..#....#.$.....#
#..'....#....).D#
#####....#......@#
#........#>......#
#........#...##..#
#....#'###... ##'#
#....#..#######..#
######...#....#..+
#...#.[..'..#
#...#...###+#
+...'...#


You could see a steam dragon (catching breath).

Vanquished Creatures
  A yak (D:7)
  A wyvern (D:7)
  2 water moccasins (D:7)
  2 ice beasts
  An orc warrior (D:7)
  2 sky beasts
  2 ogres
  3 phantoms
  4 bullfrogs
  2 scorpions
  5 wights (D:7)
  4 hounds
  5 iguanas
  An orc wizard (D:5)
  8 adders
  A shadow imp (D:5)
  A white imp (D:5)
  An ufetubus (D:6)
  2 worms
  15 orcs
  6 ball pythons
  7 bats
  8 endoplasms
  5 giant cockroaches
  4 goblins
  6 hobgoblins
  2 kobolds
  3 quokkas
  4 rats (D:1)
108 creatures vanquished.

Notes
Turn   | Place    | Note
-------+----------+-------------------------------------------
     0 | D:1      | BlueFish the Octopode Warper began the quest for the Orb.
     0 | D:1      | Reached XP level 1. HP: 14/14 MP: 3/3
   146 | D:1      | Reached skill level 1 in Stealth
   146 | D:1      | Reached XP level 2. HP: 9/19 MP: 5/5
   771 | D:2      | Reached skill level 2 in Stealth
   771 | D:2      | Reached XP level 3. HP: 9/24 MP: 6/6
  1358 | D:3      | Identified the +5 chain mail of Vedweu Giuf {rPois Stlth+}
  1441 | D:3      | Found Vegobuh's Antique Armour Shop.
  1454 | D:3      | Bought a buckler for 103 gold pieces
  1522 | D:3      | Reached XP level 4. HP: 18/29 MP: 7/7
  1525 | D:3      | Learned a level 2 spell: Blink
  1528 | D:3      | Learned a level 2 spell: Lesser Beckoning
  1532 | D:3      | Learned a level 3 spell: Gell's Gravitas
  1830 | D:4      | Noticed a scorpion
  1846 | D:4      | Killed a scorpion
  1847 | D:4      | Reached skill level 3 in Stealth
  1847 | D:4      | Reached XP level 5. HP: 23/35 MP: 8/8
  2021 | D:4      | Reached skill level 1 in Shields
  2116 | D:4      | Found Plog's Antique Armour Boutique.
  2444 | D:4      | Reached XP level 6. HP: 39/41 MP: 9/9
  2483 | D:4      | Found a basalt altar of Yredelemnul.
  2483 | D:4      | Found a shadowy altar of Dithmenos.
  2608 | D:5      | Entered Level 5 of the Dungeon
  2626 | D:4      | Reached skill level 4 in Stealth
  2865 | D:5      | Reached XP level 7. HP: 45/45 MP: 11/11
  3033 | D:5      | Reached skill level 5 in Stealth
  3230 | D:5      | Learned a level 3 spell: Teleport Other
  3608 | D:6      | Reached XP level 8. HP: 52/52 MP: 12/12
  3772 | D:6      | Found an ancient bone altar of Kikubaaqudgha.
  3834 | D:6      | Reached skill level 6 in Stealth
  4185 | D:6      | Found a runed translucent door.
  4192 | D:6      | Noticed AlpineCheese's ghost (novice GnCK)
  4357 | D:7      | Noticed a wyvern
  4357 | D:7      | Found Vouw's Weapon Emporium.
  4392 | D:7      | Found Mutush's Book Shop.
  4607 | D:7      | Reached skill level 7 in Stealth
  4658 | D:7      | HP: 1/78 [wight/+0 mace (4)]
  4659 | D:7      | Killed a wyvern
  4660 | D:7      | Reached XP level 9. HP: 1/58 MP: 14/14
  4886 | D:7      | Found Luciv's Weapon Emporium.
  5018 | D:7      | HP: 2/58 [something (6)]
  5184 | D:7      | Bought 5 poisoned darts for 36 gold pieces
  5256 | D:7      | Reached skill level 5 in Translocations
  5282 | D:7      | Found Jeekkuypual's Antique Armour Shoppe.
  5323 | D:7      | Found Qeseol's Antique Armour Shop.
  5427 | D:7      | Found a staircase to the Ecumenical Temple.
  5433 | Temple   | Entered the Ecumenical Temple
  5433 | Temple   | Found a transporter.
  5433 | Temple   | Found a transporter.
  5435 | Temple   | Found a transporter.
  5435 | Temple   | Found a transporter.
  5543 | D:7      | Reached skill level 8 in Stealth
  5544 | D:7      | Found a burning altar of Makhleb.
  5746 | D:8      | Killed from afar by a steam dragon

Illustrated notes

Levels and vault maps discovered:
D:1:      minmay_arrival_jagged, layout_loops_ring
D:2:      layout_rooms
D:3:      layout_rooms, serial_shops, nicolae_shop_waterfront
D:4:      layout_basic, gammafunk_temple_overflow_elements, serial_shops,
          kennysheep_mini, st_stairs_9, chequers_serial_rivers_micro_e
D:5:      layout_gridville
D:6:      layout_layer_cave, kennysheep_mini_moat, ebering_ghost_sewer_d
D:7:      layout_rooms, marbit_many_paths, minmay_temple_entry_enclosed_plants,
          serial_shops, nicolae_stop_n_shop_1, nicolae_take_the_stairs,
          nicolae_shop_trees, shop, shop
D:8:      layout_gridville, mainiacjoe_overflow_cross_hatched,
          mainiacjoe_overflow_alcove_2, uniq_joseph, uniq_amaemon
Temple:   hellmonk_temple_divided_pantheon

Skill      XL: |  1  2  3  4  5  6  7  8  9 |
---------------+----------------------------+-----
Stealth        | 1 2 3 4 5 7 8 |  8.2
Shields        | 1 2 3 4 |  4.5
Dodging        | 3 4 |  4.6
Throwing       | 2 3 4 |  4.1
Maces & Flails | 3 4 |  4.4
Fighting       | 3 4 |  4.3
Spellcasting   | 3 4 |  4.1
Translocations | 4 5 |  5.1

Action                     |  1- 3 |  4- 6 |  7- 9 || total
---------------------------+-------+-------+-------++-------
  Melee: Mace              |    31 |       |       ||    31
         Constrict         |    16 |    14 |    24 ||    54
         Tentacles         |     7 |    11 |    31 ||    49
         Flail             |    39 |    12 |       ||    51
         Punch             |     1 |     1 |     3 ||     5
         Morningstar       |       |    68 |   150 ||   218
  Throw: Boomerang         |       |     2 |       ||     2
         Stone             |       |     1 |     3 ||     4
         Dart              |       |       |     1 ||     1
   Cast: Blink             |       |       |     1 ||     1
         Lesser Beckoning  |       |       |     1 ||     1
    Use: Scroll            |       |     7 |     9 ||    16
         Potion            |       |       |     4 ||     4
   Stab: Sleeping          |     6 |     5 |    10 ||    21
 Armour: Skin              |     9 |    22 |    65 ||    96
  Dodge: Dodged            |    36 |    37 |    66 ||   139
  Block: Buckler           |       |    12 |     5 ||    17
         Tower shield      |       |       |   100 ||   100

Table legend: (Time is in decaauts)
 A = Elapsed time spent in this place.
 B = Non-inter-level travel time spent in this place.
 C = Inter-level travel time spent in this place.
 D = Time resting spent in this place.
 E = Time spent auto-exploring this place.
 F = Levels seen in this place.
 G = Mean time per level.
                   A        B        C        D        E       F      G
               +--------+--------+--------+--------+--------+-----+--------+
         Total |   5911 |   5646 |    265 |     71 |   4344 |   9 |  656.8 |
       Dungeon |   5877 |   5622 |    255 |     71 |   4338 |   8 |  734.6 |
        Temple |     33 |     23 |     10 |      0 |      6 |   1 |   33.0 |
               +--------+--------+--------+--------+--------+-----+--------+

Top non-repeatable levels by time:
     D:7: 1277 daAuts
     D:6: 988 daAuts
     D:4: 844 daAuts
     D:5: 828 daAuts
     D:1: 740 daAuts
     D:2: 594 daAuts
     D:3: 484 daAuts
     D:8: 119 daAuts
  Temple: 33 daAuts
